NCAA
VILLANOVA WILDCATS @ PURDUE BOILERMAKERS
05/17/2025
 
TOP OF THE 1ST
Villanova Wildcats batting - Pitching for Purdue Boilermakers : RHP Michael Lewis
Pitching: RHP Michael Lewis
Batting: RHB Jason Powers 0-0: Ball
1-0: SINGLE (Groundball, 4M)
Batting: RHB Robbie Anderson 0-0: SINGLE (Line Drive, 4D)
Jason Powers to second
Runner from 2nd tries for 3rd, SAFE, no throw or cutoff
Batting: LHB Steven Smith 0-0: Called Strike
0-1: Ball
1-1: Ball
2-1: Ball
3-1: Called Strike
3-2: Foul Ball, location: 2F
3-2: Base on Balls
Robbie Anderson to second
Batting: RHB Jorge Barrios 0-0: Fly out, F8 (Flyball, 8LXD)
Runner from 3rd tags up, SCORES, no throw
Batting: RHB Ron Elazar 0-0: Fly out, F9 (Line Drive, 9S)
Batting: RHB Dan McKay 0-0: Ball
1-0: Ball
2-0: Ball
3-0: Swinging Strike
3-1: Foul Ball, location: 2F
3-2: Strikes out swinging
Top of the 1st over - 1 run(s), 2 hit(s), 0 error(s), 2 left on base; Villanova 1 - Purdue 0
BOTTOM OF THE 1ST
Purdue Boilermakers batting - Pitching for Villanova Wildcats : RHP Michael Díaz
Pitching: RHP Michael Díaz
Batting: RHB Francisco Herrera 0-0: Ball
1-0: Foul Ball, location: 2F
1-1: Swinging Strike
1-2: Strikes out looking
Batting: RHB Ricardo Velásquez 0-0: Called Strike
0-1: Foul Ball, location: 2F
0-2: Fly out, F4 (Popup, 34D)
Batting: RHB Jorge Carrillo 0-0: Ball
1-0: Ball
2-0: Ball
3-0: Called Strike
3-1: Called Strike
3-2: Foul Ball, location: 2F
3-2: Foul Ball, location: 2F
3-2: Foul Ball, location: 2F
3-2: Foul Ball, location: 2F
3-2: Base on Balls
Batting: RHB Dave Crawford 0-0: Ball
Jorge Carrillo is caught stealing 2nd base
Bottom of the 1st over - 0 run(s), 0 hit(s), 0 error(s), 0 left on base; Villanova 1 - Purdue 0
TOP OF THE 2ND
Villanova Wildcats batting - Pitching for Purdue Boilermakers : RHP Michael Lewis
Batting: SHB Lorenzo Gómez 0-0: Ball
1-0: Ground out 4-3 (Groundball, 4)
Batting: RHB Ricardo López 0-0: Ball
1-0: Fly out, F8 (Flyball, 8RM)
Batting: RHB Juan Romero 0-0: Ball
1-0: Ball
2-0: Called Strike
2-1: Swinging Strike
2-2: Strikes out swinging
Top of the 2nd over - 0 run(s), 0 hit(s), 0 error(s), 0 left on base; Villanova 1 - Purdue 0
BOTTOM OF THE 2ND
Purdue Boilermakers batting - Pitching for Villanova Wildcats : RHP Michael Díaz
Batting: RHB Dave Crawford 0-0: Called Strike
0-1: Ball
1-1: Ball
2-1: Ball
3-1: Base on Balls
Batting: SHB Joaquín Gilera 0-0: Called Strike
0-1: Ball
1-1: Foul Ball, location: 2F
1-2: Strikes out looking
Batting: LHB Bryan Barnes 0-0: Called Strike
0-1: Ball
1-1: Foul Ball, location: 2F
1-2: Ball
2-2: Ball
3-2: Base on Balls
Dave Crawford to second
Batting: RHB Eric Patrick 0-0: Reached on error, E5 (Groundball, 56S)
Dave Crawford to third
Bryan Barnes to second
Batting: RHB Henry O'Brien 0-0: Called Strike
0-1: Ball
1-1: Swinging Strike
1-2: Strikes out looking
Batting: RHB Jorge Molina 0-0: Called Strike
0-1: Ball
Wild Pitch!
Dave Crawford scores
Bryan Barnes to third
Eric Patrick to second
1-1: Swinging Strike
Passed Ball!
Bryan Barnes scores
Eric Patrick to third
1-2: Strikes out looking
Bottom of the 2nd over - 2 run(s), 0 hit(s), 1 error(s), 1 left on base; Villanova 1 - Purdue 2
TOP OF THE 3RD
Villanova Wildcats batting - Pitching for Purdue Boilermakers : RHP Michael Lewis
Batting: RHB Jason Powers 0-0: Foul Ball, location: 2F
0-1: Called Strike
0-2: Ball
1-2: SINGLE (Line Drive, 89S)
Batting: RHB Robbie Anderson 0-0: Ball
1-0: Swinging Strike
1-1: Swinging Strike
1-2: Foul Ball, location: 2F
1-2: Foul Ball, location: 2F
1-2: Foul Ball, location: 2F
1-2: Grounds into double play, 5-4-3 (Groundball, 5)
Batting: LHB Steven Smith 0-0: Ball
1-0: Ball
2-0: Ball
3-0: Base on Balls
Batting: RHB Jorge Barrios 0-0: Ball
1-0: Ball
2-0: Called Strike
2-1: Ball
3-1: Called Strike
3-2: Base on Balls
Steven Smith to second
Batting: RHB Ron Elazar 0-0: Ball
1-0: Called Strike
1-1: Ball
2-1: Ball
3-1: Base on Balls
Steven Smith to third
Jorge Barrios to second
Batting: RHB Dan McKay 0-0: Ball
1-0: Foul Ball, location: 2F
1-1: Ball
2-1: Ball
3-1: GRAND SLAM HOME RUN (Flyball, 9D), Distance : 380 ft
Batting: SHB Lorenzo Gómez 0-0: Ball
1-0: Called Strike
1-1: Foul Ball, location: 2F
1-2: Ball
2-2: Ball
3-2: Foul Ball, location: 2F
3-2: Foul Ball, location: 2F
3-2: Fly out, F3 (Popup, 2R)
Top of the 3rd over - 4 run(s), 2 hit(s), 0 error(s), 0 left on base; Villanova 5 - Purdue 2
BOTTOM OF THE 3RD
Purdue Boilermakers batting - Pitching for Villanova Wildcats : RHP Michael Díaz
Batting: RHB Francisco Herrera 0-0: Ball
1-0: Called Strike
1-1: Called Strike
1-2: Strikes out swinging
Batting: RHB Ricardo Velásquez 0-0: Called Strike
0-1: Foul Ball, location: 2F
0-2: Strikes out swinging
Batting: RHB Jorge Carrillo 0-0: Ball
1-0: Ball
2-0: Foul Ball, location: 2F
2-1: Foul Ball, location: 2F
2-2: Ball
3-2: Base on Balls
Batting: RHB Dave Crawford 0-0: Ball
1-0: Foul Ball, location: 2F
1-1: SINGLE (Groundball, 56D)
Jorge Carrillo to second
Batting: SHB Joaquín Gilera 0-0: Ball
1-0: Called Strike
1-1: Ball
2-1: Swinging Strike
2-2: Foul Ball, location: 2F
2-2: Foul Ball, location: 2F
2-2: Ball
3-2: Strikes out looking
Bottom of the 3rd over - 0 run(s), 1 hit(s), 0 error(s), 2 left on base; Villanova 5 - Purdue 2
TOP OF THE 4TH
Villanova Wildcats batting - Pitching for Purdue Boilermakers : RHP Michael Lewis
Batting: RHB Ricardo López 0-0: Ball
1-0: Ball
2-0: Ground out 6-3 (Groundball, 6)
Batting: RHB Juan Romero 0-0: Ball
1-0: Foul Ball, location: 2F
1-1: Called Strike
1-2: SINGLE (Line Drive, 9S)
Batting: RHB Jason Powers 0-0: Called Strike
0-1: Swinging Strike
0-2: Ball
1-2: Strikes out looking
Batting: RHB Robbie Anderson 0-0: Ball
1-0: Foul Ball, location: 2F
1-1: SINGLE (Flyball, 8RS)
Juan Romero to second
Runner from 2nd tries for 3rd, SAFE, no throw or cutoff
Pitching: RHP Scotty Wallace
Batting: LHB Steven Smith 0-0: Called Strike
0-1: Swinging Strike
0-2: Strikes out swinging
Top of the 4th over - 0 run(s), 2 hit(s), 0 error(s), 2 left on base; Villanova 5 - Purdue 2
BOTTOM OF THE 4TH
Purdue Boilermakers batting - Pitching for Villanova Wildcats : RHP Michael Díaz
Batting: LHB Bryan Barnes 0-0: Ground out 1-3 (Groundball, 15S)
Batting: RHB Eric Patrick 0-0: Fly out, F8 (Flyball, 8RM)
Batting: RHB Henry O'Brien 0-0: Ball
1-0: Ball
2-0: Ball
3-0: Called Strike
3-1: Foul Ball, location: 2F
3-2: SOLO HOME RUN (Flyball, 78XD), Distance : 440 ft
Batting: RHB Jorge Molina 0-0: Ball
1-0: Ball
2-0: Ball
3-0: Called Strike
3-1: Base on Balls
Batting: RHB Francisco Herrera 0-0: Called Strike
0-1: SINGLE (Groundball, 56D)
Jorge Molina to second
Pitching: RHP Otis Luna
Batting: RHB Ricardo Velásquez 0-0: Ball
1-0: Swinging Strike
1-1: Ball
2-1: SINGLE (Flyball, 89S)
Jorge Molina to third
Francisco Herrera to second
Batting: RHB Jorge Carrillo 0-0: Called Strike
0-1: Foul Ball, location: 2F
0-2: Strikes out looking
Bottom of the 4th over - 1 run(s), 3 hit(s), 0 error(s), 3 left on base; Villanova 5 - Purdue 3
TOP OF THE 5TH
Villanova Wildcats batting - Pitching for Purdue Boilermakers : RHP Scotty Wallace
Batting: RHB Jorge Barrios 0-0: Called Strike
0-1: Ground out 1-3 (Groundball, 13)
Batting: RHB Ron Elazar 0-0: Foul Ball, location: 2F
0-1: Ground out 5-3 (Groundball, 56)
Batting: RHB Dan McKay 0-0: Hit by Pitch
Batting: SHB Lorenzo Gómez 0-0: Ball
1-0: Ball
2-0: Called Strike
2-1: Ball
3-1: Called Strike
3-2: Strikes out swinging
Top of the 5th over - 0 run(s), 0 hit(s), 0 error(s), 1 left on base; Villanova 5 - Purdue 3
BOTTOM OF THE 5TH
Purdue Boilermakers batting - Pitching for Villanova Wildcats : RHP Otis Luna
Batting: RHB Dave Crawford 0-0: Called Strike
0-1: Foul Ball, location: 2F
0-2: Strikes out swinging
Batting: SHB Joaquín Gilera 0-0: Fly out, F8 (Flyball, 8RM)
Batting: LHB Bryan Barnes 0-0: Foul Ball, location: 2F
0-1: Ground out U3 (Groundball, 3L)
Bottom of the 5th over - 0 run(s), 0 hit(s), 0 error(s), 0 left on base; Villanova 5 - Purdue 3
TOP OF THE 6TH
Villanova Wildcats batting - Pitching for Purdue Boilermakers : RHP Scotty Wallace
Batting: RHB Ricardo López 0-0: Foul Ball, location: 2F
0-1: Ball
1-1: Swinging Strike
1-2: Foul Ball, location: 2F
1-2: Foul Ball, location: 2F
1-2: Strikes out swinging
Batting: RHB Juan Romero 0-0: Called Strike
0-1: Ball
1-1: Ball
2-1: Swinging Strike
2-2: Strikes out swinging
Batting: RHB Jason Powers 0-0: Called Strike
0-1: Ball
1-1: Fly out, F8 (Flyball, 8LM)
Top of the 6th over - 0 run(s), 0 hit(s), 0 error(s), 0 left on base; Villanova 5 - Purdue 3
BOTTOM OF THE 6TH
Purdue Boilermakers batting - Pitching for Villanova Wildcats : RHP Otis Luna
Batting: RHB Eric Patrick 0-0: Ball
1-0: Foul Ball, location: 2F
1-1: Swinging Strike
1-2: Ball
2-2: Foul Ball, location: 2F
2-2: Foul Ball, location: 2F
2-2: Foul Ball, location: 2F
2-2: Strikes out swinging
Batting: RHB Henry O'Brien 0-0: Ball
1-0: SINGLE (Flyball, 89S)
Batting: RHB Jorge Molina 0-0: Called Strike
0-1: Grounds into double play, 4-6-3 (Groundball, 4)
Bottom of the 6th over - 0 run(s), 1 hit(s), 0 error(s), 0 left on base; Villanova 5 - Purdue 3
TOP OF THE 7TH
Villanova Wildcats batting - Pitching for Purdue Boilermakers : RHP Scotty Wallace
Pitching: RHP Pablo Rodríguez
Batting: RHB Robbie Anderson 0-0: Called Strike
0-1: Ball
1-1: Foul Ball, location: 2F
1-2: Ball
2-2: Strikes out swinging
Batting: LHB Steven Smith 0-0: Called Strike
0-1: Ball
1-1: Ball
2-1: Foul Ball, location: 2F
2-2: Ground out 4-3 (Groundball, 4)
Batting: RHB Jorge Barrios 0-0: Called Strike
0-1: Ball
1-1: Swinging Strike
1-2: Ball
2-2: Ball
3-2: Base on Balls
Batting: RHB Ron Elazar 0-0: Ball
1-0: SINGLE (Groundball, 5L)
Jorge Barrios to second
Batting: RHB Dan McKay 0-0: Called Strike
0-1: Foul Ball, location: 2F
0-2: Fly out, F2 (Popup, 2LF)
Top of the 7th over - 0 run(s), 1 hit(s), 0 error(s), 2 left on base; Villanova 5 - Purdue 3
BOTTOM OF THE 7TH
Purdue Boilermakers batting - Pitching for Villanova Wildcats : RHP Otis Luna
Pitching: RHP Armando López
Batting: RHB Francisco Herrera 0-0: Ball
1-0: Fly out, F8 (Flyball, 8RM)
Batting: RHB Ricardo Velásquez 0-0: Swinging Strike
0-1: Foul Ball, location: 2F
0-2: Foul Ball, location: 2F
0-2: Foul Ball, location: 2F
0-2: Fly out, F9 (Flyball, 89S)
Batting: RHB Jorge Carrillo 0-0: Ball
1-0: Called Strike
1-1: Ball
2-1: Foul Ball, location: 2F
2-2: Fly out, F7 (Flyball, 7S)
Bottom of the 7th over - 0 run(s), 0 hit(s), 0 error(s), 0 left on base; Villanova 5 - Purdue 3
TOP OF THE 8TH
Villanova Wildcats batting - Pitching for Purdue Boilermakers : RHP Pablo Rodríguez
Batting: SHB Lorenzo Gómez 0-0: Ball
1-0: Ball
2-0: Called Strike
2-1: Ground out 1-3 (Groundball, 15)
Batting: RHB Ricardo López 0-0: Ground out 4-3 (Groundball, 4M)
Batting: RHB Juan Romero 0-0: Called Strike
0-1: Ball
1-1: Called Strike
1-2: Foul Ball, location: 2F
1-2: Ball
2-2: Foul Ball, location: 2F
2-2: Foul Ball, location: 2F
2-2: Ball
3-2: Base on Balls
Batting: RHB Jason Powers 0-0: Ball
1-0: Called Strike
1-1: Called Strike
1-2: Ball
2-2: SINGLE (Line Drive, 34)
Juan Romero to second
Throwing error, E9
Juan Romero scores
Jason Powers to second
Batting: RHB Robbie Anderson 0-0: Called Strike
0-1: Foul Ball, location: 2F
0-2: Ground out 5-3 (Groundball, 56)
Top of the 8th over - 1 run(s), 1 hit(s), 1 error(s), 1 left on base; Villanova 6 - Purdue 3
BOTTOM OF THE 8TH
Purdue Boilermakers batting - Pitching for Villanova Wildcats : RHP Armando López
Now at C: Tom Hooper
Batting: RHB Dave Crawford 0-0: Ball
1-0: Ball
2-0: Fly out, F8 (Flyball, 89D)
Batting: SHB Joaquín Gilera 0-0: Foul Ball, location: 2F
0-1: Ball
1-1: Foul Ball, location: 2F
1-2: Fly out, F4 (Line Drive, 4)
Batting: LHB Bryan Barnes 0-0: Called Strike
0-1: Swinging Strike
0-2: Ball
1-2: Strikes out swinging
Bottom of the 8th over - 0 run(s), 0 hit(s), 0 error(s), 0 left on base; Villanova 6 - Purdue 3
TOP OF THE 9TH
Villanova Wildcats batting - Pitching for Purdue Boilermakers : RHP Pablo Rodríguez
Batting: LHB Steven Smith 0-0: Ball
1-0: Reached on error, E6 (Groundball, 6MS)
Batting: RHB Jorge Barrios 0-0: 2-RUN HOME RUN (Flyball, 9LD), Distance : 359 ft
Pitching: RHP Mark Messier
Batting: RHB Ron Elazar 0-0: Ball
1-0: Foul Ball, location: 2F
1-1: Ball
2-1: Foul Ball, location: 2F
2-2: Foul Ball, location: 2F
2-2: Ball
3-2: Strikes out swinging
Batting: RHB Dan McKay 0-0: Ball
1-0: Ball
2-0: Called Strike
2-1: Fly out, F9 (Flyball, 9M)
Batting: SHB Lorenzo Gómez 0-0: Foul Ball, location: 2F
0-1: Foul Ball, location: 2F
0-2: Foul Ball, location: 2F
0-2: Strikes out looking
Top of the 9th over - 2 run(s), 1 hit(s), 1 error(s), 0 left on base; Villanova 8 - Purdue 3
BOTTOM OF THE 9TH
Purdue Boilermakers batting - Pitching for Villanova Wildcats : RHP Armando López
Batting: RHB Eric Patrick 0-0: Swinging Strike
0-1: Ball
1-1: Ball
2-1: SINGLE (Groundball, 23) (infield hit)
Batting: RHB Henry O'Brien 0-0: Called Strike
0-1: Called Strike
0-2: Foul Ball, location: 2F
0-2: Ball
1-2: Foul Ball, location: 2F
1-2: Ball
2-2: Ball
3-2: Fielders Choice at 2nd, 1-6 (Groundball, 23)
Batting: RHB Jorge Molina 0-0: Swinging Strike
0-1: Swinging Strike
0-2: Foul Ball, location: 2F
0-2: Ball
1-2: Ball
2-2: 2-RUN HOME RUN (Flyball, 78XD), Distance : 435 ft
Pitching: RHP Ryan Schmidt
Batting: RHB Francisco Herrera 0-0: Ball
1-0: Ball
2-0: SINGLE (Groundball, 6MD)
Batting: RHB Ricardo Velásquez 0-0: Swinging Strike
0-1: Called Strike
0-2: Ball
1-2: Ball
2-2: Strikes out swinging
Batting: RHB Jorge Carrillo 0-0: Ball
1-0: Called Strike
1-1: Foul Ball, location: 2F
1-2: Strikes out swinging
Bottom of the 9th over - 2 run(s), 3 hit(s), 0 error(s), 1 left on base; Villanova 8 - Purdue 5
This league is powered by Out of the Park Baseball, the baseball management simulation game for PC, Mac and Linux
Tuesday, August 2nd, 2016 - OOTP Baseball 16.8 Build 38